[Event "ROU-ch Men 2018"]
[Site "Olanesti"]
[Date "2018.05.19"]
[Round "6"]
[White "Stanciu, Alexandru-Ovidiu"]
[Black "Posedaru, Bogdan"]
[Result "1/2-1/2"]
[ECO "B34"]
[WhiteElo "2363"]
[BlackElo "2307"]
[Annotator "NA"]
[PlyCount "40"]
[EventDate "2018.??.??"]
[EventType "swiss"]
[EventCountry "ROU"]
[SourceTitle "playchess.com"]
[Source "ChessBase"]
[SourceQuality "1"]
[TimeControl "40/5400+30:1800+30"]

1. e4 c5 2. Nc3 Nc6 3. Nge2 g6 4. d4 cxd4 5. Nxd4 Bg7 6. Nb3 Nf6 7. Be2 O-O 8. O-O d6 9. Re1 Be6 10. Bg5 Rc8 11. Bf1 Nd7 12. Rb1 Bxc3 13. bxc3 Nb6 14. Re3 Ne5 15. f4 Ng4 16. Rg3 Nf6 17. Bxf6 exf6 18. f5 Bxb3 19. axb3 Re8 20. Qd4 Re5 1/2-1/2

[Event "ROU-ch Men 2018"]
[Site "Olanesti"]
[Date "2018.05.19"]
[Round "6"]
[White "Stoleriu, George"]
[Black "Iustin, Silviu"]
[Result "1-0"]
[ECO "A05"]
[WhiteElo "2333"]
[BlackElo "1962"]
[Annotator "NA"]
[PlyCount "109"]
[EventDate "2018.??.??"]
[EventType "swiss"]
[EventCountry "ROU"]
[SourceTitle "playchess.com"]
[Source "ChessBase"]
[SourceQuality "1"]
[TimeControl "40/5400+30:1800+30"]

1. Nf3 Nf6 2. c4 g6 3. b3 Bg7 4. Bb2 O-O 5. g3 d6 6. Bg2 e5 7. O-O Nbd7 8. d3 Nh5 9. Nc3 f5 10. Nd2 Ndf6 11. Nd5 c6 12. Nxf6+ Nxf6 13. b4 Qc7 14. Rc1 Qe7 15. b5 c5 16. a4 Rb8 17. e3 Be6 18. Qc2 Rbd8 19. Rce1 Qc7 20. f4 Rde8 21. Nf3 exf4 22. exf4 h6 23. Re2 Bf7 24. Rfe1 Rxe2 25. Rxe2 Re8 26. Rxe8+ Bxe8 27. Qe2 Bf7 28. Nd2 b6 29. Nb3 Kf8 30. Qf3 Qe7 31. h3 Ne8 32. Bxg7+ Kxg7 33. Kf2 Nf6 34. Qc6 Qd7 35. a5 Qd8 36. Qb7 Qd7 37. a6 Kf8 38. Bc6 Qe7 39. Nd2 Bg8 40. Qb8+ Kg7 41. Nf1 h5 42. Qb7 Kf8 43. Ne3 Be6 44. Ng2 Bg8 45. Nh4 Bf7 46. Nf3 Ng8 47. Ng5 Kg7 48. Nxf7 Kxf7 49. Bd5+ Kf8 50. Qb8+ Qe8 51. Qxe8+ Kxe8 52. Bxg8 Ke7 53. g4 h4 54. gxf5 gxf5 55. Bh7 1-0

[Event "ROU-ch Men 2018"]
[Site "Olanesti"]
[Date "2018.05.19"]
[Round "6"]
[White "Vasiesiu, Victor"]
[Black "Horvat, Dan-Sebastian"]
[Result "1-0"]
[ECO "B76"]
[WhiteElo "2327"]
[BlackElo "2152"]
[Annotator "NA"]
[PlyCount "59"]
[EventDate "2018.??.??"]
[EventType "swiss"]
[EventCountry "ROU"]
[SourceTitle "playchess.com"]
[Source "ChessBase"]
[SourceQuality "1"]
[TimeControl "40/5400+30:1800+30"]

1. e4 c5 2. Nf3 d6 3. d4 cxd4 4. Nxd4 Nf6 5. Nc3 g6 6. Be3 Bg7 7. f3 O-O 8. Qd2 Nc6 9. O-O-O Be6 10. Nxe6 fxe6 11. Bc4 Qc8 12. Bb3 Na5 13. h4 Nc4 14. Qd3 Nxe3 15. Qxe3 Nh5 16. Ne2 Be5 17. Kb1 Kh8 18. g3 Bxg3 19. Nxg3 Nxg3 20. Rhg1 Nh5 21. Rxg6 Nf4 22. Rg4 e5 23. Rdg1 e6 24. Rg7 b6 25. Qd2 Qd8 26. Bxe6 Qxh4 27. Qxd6 Nxe6 28. Qxe6 Rae8 29. Rf7 h6 30. Rh7+ 1-0

[Event "ROU-ch Men 2018"]
[Site "Olanesti"]
[Date "2018.05.19"]
[Round "6"]
[White "Banzea, Alexandru-Bogdan"]
[Black "Vasilescu, Lucian-Mihail"]
[Result "1-0"]
[ECO "B48"]
[WhiteElo "2325"]
[BlackElo "2243"]
[Annotator "NA"]
[PlyCount "71"]
[EventDate "2018.??.??"]
[EventType "swiss"]
[EventCountry "ROU"]
[SourceTitle "playchess.com"]
[Source "ChessBase"]
[SourceQuality "1"]
[TimeControl "40/5400+30:1800+30"]

1. e4 c5 2. Nf3 Nc6 3. Nc3 e6 4. d4 cxd4 5. Nxd4 Qc7 6. Be3 a6 7. a3 b5 8. Nxc6 Qxc6 9. Be2 Bb7 10. O-O Bc5 11. Qd2 d6 12. Rad1 Rd8 13. Bg5 f6 14. Be3 Ne7 15. Bg4 Kf7 16. Rfe1 Ng6 17. Bh5 Rhe8 18. f4 Kg8 19. Kh1 Re7 20. Qf2 Rc7 21. Qg3 Bxe3 22. Rxe3 Qc5 23. Bxg6 hxg6 24. Red3 Kf7 25. e5 d5 26. Ne4 Qxc2 27. Nd6+ Rxd6 28. exd6 Rd7 29. Re1 Qc6 30. Qg4 Rxd6 31. Rg3 Qc2 32. Rc3 Qf2 33. Rc7+ Kf8 34. Rec1 Rc6 35. R7xc6 Bxc6 36. Qxe6 1-0

[Event "ROU-ch Men 2018"]
[Site "Olanesti"]
[Date "2018.05.19"]
[Round "6"]
[White "Rusan, Paul-Cristian"]
[Black "Craciun, Ovidiu"]
[Result "0-1"]
[ECO "C55"]
[WhiteElo "2213"]
[BlackElo "1931"]
[Annotator "NA"]
[PlyCount "102"]
[EventDate "2018.??.??"]
[EventType "swiss"]
[EventCountry "ROU"]
[SourceTitle "playchess.com"]
[Source "ChessBase"]
[SourceQuality "1"]
[TimeControl "40/5400+30:1800+30"]

1. e4 e5 2. Nf3 Nc6 3. d4 exd4 4. Bc4 Nf6 5. e5 d5 6. Bb5 Ne4 7. Nxd4 Bd7 8. Bxc6 bxc6 9. O-O Bc5 10. f3 Ng5 11. Be3 Bb6 12. f4 Ne4 13. Nd2 Nxd2 14. Qxd2 c5 15. Nf3 d4 16. Bf2 Bc6 17. a4 a5 18. f5 Qd5 19. Qg5 h6 20. Qxg7 O-O-O 21. Qf6 Rdg8 22. Bg3 c4 23. Kh1 d3 24. cxd3 cxd3 25. b4 d2 26. b5 Bb7 27. Rad1 Be3 28. e6 fxe6 29. fxe6 Rh7 30. Nh4 Bg5 31. Qf8+ Rxf8 32. Rxf8+ Bd8 33. b6 cxb6 34. Nf3 Qxe6 35. Rxd2 Rd7 36. Rc2+ Bc6 37. h3 Kb7 38. Kh2 Bxf3 39. Rxf3 Bc7 40. Bxc7 Rxc7 41. Rcf2 Qe5+ 42. g3 Qe4 43. Rf4 Qb1 44. Rf8 Rc2 45. h4 Qd1 46. Kg2 Rxf2+ 47. Rxf2 Qxa4 48. h5 Qe4+ 49. Kh3 a4 50. Rf6 a3 51. Rxh6 a2 0-1

[Event "ROU-ch Men 2018"]
[Site "Olanesti"]
[Date "2018.05.19"]
[Round "6"]
[White "Ciorgovean, Iustin"]
[Black "Dumitru, Matei-Ioan"]
[Result "1-0"]
[ECO "D35"]
[WhiteElo "2169"]
[BlackElo "2164"]
[Annotator "NA"]
[PlyCount "97"]
[EventDate "2018.??.??"]
[EventType "swiss"]
[EventCountry "ROU"]
[SourceTitle "playchess.com"]
[Source "ChessBase"]
[SourceQuality "1"]
[TimeControl "40/5400+30:1800+30"]

1. d4 d5 2. c4 e6 3. Nc3 Nf6 4. cxd5 exd5 5. Bg5 Nbd7 6. e3 Be7 7. Bd3 c6 8. Qc2 Nh5 9. Bxe7 Qxe7 10. O-O-O Nb6 11. h3 g6 12. g4 Ng7 13. Nf3 Be6 14. Kb1 O-O-O 15. Rc1 Kb8 16. Na4 Nxa4 17. Qxa4 Qf6 18. Ne5 Rc8 19. f4 Qe7 20. Qc2 f6 21. Nf3 Bd7 22. Rhe1 Qd6 23. Qc5 Qxc5 24. dxc5 h5 25. g5 f5 26. Ne5 Be8 27. h4 Ne6 28. b4 Rh7 29. Kb2 Kc7 30. Nf3 b5 31. a4 a6 32. Ra1 Kb8 33. Kc3 Ra7 34. Nd4 Ng7 35. Ra3 Kb7 36. Rea1 Rca8 37. Be2 Kb8 38. Bf3 Bd7 39. Bg2 Be8 40. axb5 axb5 41. Rxa7 Rxa7 42. Rxa7 Kxa7 43. Nxb5+ cxb5 44. Bxd5 Bd7 45. Kd4 Be6 46. Bc6 Bc4 47. Ke5 Ne6 48. Kf6 Nd8 49. Be8 1-0

[Event "ROU-ch Men 2018"]
[Site "Olanesti"]
[Date "2018.05.19"]
[Round "6"]
[White "Daianu, Cristian-Clement"]
[Black "Manea, Alexandru"]
[Result "1-0"]
[ECO "C04"]
[WhiteElo "2150"]
[BlackElo "2402"]
[Annotator "NA"]
[PlyCount "75"]
[EventDate "2018.??.??"]
[EventType "swiss"]
[EventCountry "ROU"]
[SourceTitle "playchess.com"]
[Source "ChessBase"]
[SourceQuality "1"]
[TimeControl "40/5400+30:1800+30"]

1. e4 e6 2. d4 d5 3. Nd2 Nc6 4. Ngf3 Nf6 5. e5 Nd7 6. Bd3 Nb4 7. Be2 c5 8. c3 Nc6 9. Bd3 Be7 10. O-O a5 11. Re1 c4 12. Bc2 b5 13. Nf1 Nb6 14. Ng3 h5 15. h3 b4 16. Bd2 a4 17. b3 bxc3 18. Bxc3 Nb4 19. Bb1 h4 20. Ne2 Ba6 21. Qd2 Nc6 22. b4 a3 23. Bc2 Bb5 24. Rab1 Kd7 25. Qf4 Qf8 26. Bd2 Ba4 27. Bxa4 Rxa4 28. b5 Nb4 29. Bxb4 Bxb4 30. Rec1 Qe7 31. Nc3 Ra5 32. Qg4 g6 33. Nd2 Na4 34. Nxd5 Bxd2 35. Nxe7 Bxc1 36. Rxc1 c3 37. Nd5 Rc8 38. Ne3 1-0

[Event "ROU-ch Men 2018"]
[Site "Olanesti"]
[Date "2018.05.19"]
[Round "6"]
[White "Pribeanu, Mihail-Dacian"]
[Black "Toma, Mihail"]
[Result "1-0"]
[ECO "B01"]
[WhiteElo "2119"]
[BlackElo "1835"]
[Annotator "NA"]
[PlyCount "109"]
[EventDate "2018.??.??"]
[EventType "swiss"]
[EventCountry "ROU"]
[SourceTitle "playchess.com"]
[Source "ChessBase"]
[SourceQuality "1"]
[TimeControl "40/5400+30:1800+30"]

1. e4 d5 2. exd5 Qxd5 3. Nc3 Qa5 4. d4 Nf6 5. Nf3 Bf5 6. Ne5 c6 7. Nc4 Qc7 8. g3 Nd5 9. Bg2 e6 10. O-O Be7 11. Nxd5 cxd5 12. Ne3 Bg6 13. f4 O-O 14. f5 Bxf5 15. Nxf5 exf5 16. Rxf5 Nc6 17. c3 g6 18. Rxd5 Rad8 19. Bf4 Qb6 20. Qb3 Rxd5 21. Qxb6 axb6 22. Bxd5 b5 23. a3 Kg7 24. Bg2 g5 25. Bc7 Rc8 26. Bb6 Bd8 27. Bxd8 Rxd8 28. Rf1 f6 29. Rf5 b4 30. axb4 Ra8 31. Bxc6 bxc6 32. Rc5 Ra2 33. b5 cxb5 34. Rxb5 Kg6 35. g4 h5 36. h3 Ra1+ 37. Kg2 Rd1 38. Rf5 hxg4 39. hxg4 Rd3 40. Rf2 Kf7 41. Re2 Kg6 42. Kf2 Kf7 43. Ke1 Kg6 44. Re4 Kf7 45. Ke2 Rh3 46. Kd2 Rh2+ 47. Re2 Rh4 48. Rg2 Kg6 49. d5 f5 50. d6 fxg4 51. d7 Rh8 52. Rxg4 Kf5 53. Rd4 Rd8 54. Ke2 Ke6 55. Kf3 {Kd5 Ke4+} 1-0

[Event "ROU-ch Men 2018"]
[Site "Olanesti"]
[Date "2018.05.19"]
[Round "6"]
[White "Chima, Radu-Niculin"]
[Black "Cenusa, Mihai"]
[Result "1-0"]
[ECO "B32"]
[WhiteElo "2095"]
[BlackElo "1819"]
[Annotator "NA"]
[PlyCount "81"]
[EventDate "2018.??.??"]
[EventType "swiss"]
[EventCountry "ROU"]
[SourceTitle "playchess.com"]
[Source "ChessBase"]
[SourceQuality "1"]
[TimeControl "40/5400+30:1800+30"]

1. e4 c5 2. Nf3 Nc6 3. d4 cxd4 4. Nxd4 e5 5. Nb5 d6 6. c4 f5 7. N1c3 a6 8. Na3 fxe4 9. Nxe4 Nd4 10. Bd3 Nf6 11. O-O Be7 12. Nc2 Nxc2 13. Qxc2 g6 14. Bh6 Ng4 15. Bd2 Be6 16. h3 Nf6 17. Ng5 Qd7 18. f4 e4 19. Bxe4 Nxe4 20. Qxe4 Bxg5 21. fxg5 O-O-O 22. Rae1 Bf5 23. Qd4 Qc7 24. b4 Rhe8 25. Bf4 Qc6 26. Kh2 Re4 27. Rxe4 Qxe4 28. Qb6 Qc6 29. Qd4 Qe4 30. Qa7 Qc6 31. c5 d5 32. Re1 Be4 33. Qb8+ Kd7 34. Qe5 Re8 35. Qg7+ Re7 36. Qd4 Re6 37. a4 Qxa4 38. Rxe4 Qc6 39. Qg7+ Kd8 40. Qg8+ Qe8 41. Qxe6 1-0

[Event "ROU-ch Men 2018"]
[Site "Olanesti"]
[Date "2018.05.19"]
[Round "6"]
[White "Raducanu, Andrei-Augustin"]
[Black "Bobocea, Laurentiu-Vlad"]
[Result "1-0"]
[ECO "B26"]
[WhiteElo "2063"]
[BlackElo "1853"]
[Annotator "NA"]
[PlyCount "65"]
[EventDate "2018.??.??"]
[EventType "swiss"]
[EventCountry "ROU"]
[SourceTitle "playchess.com"]
[Source "ChessBase"]
[SourceQuality "1"]
[TimeControl "40/5400+30:1800+30"]

1. e4 c5 2. Nc3 d6 3. g3 Nc6 4. Bg2 g6 5. d3 Bg7 6. Be3 Nf6 7. h3 O-O 8. Nge2 Nd7 9. Qd2 Nd4 10. Nd1 Rb8 11. c3 Nxe2 12. Qxe2 b5 13. Qd2 Re8 14. f4 b4 15. c4 Bb7 16. g4 e6 17. g5 f6 18. h4 d5 19. gxf6 Bxf6 20. h5 Bh4+ 21. Bf2 Bxf2+ 22. Qxf2 dxe4 23. Bxe4 Bxe4 24. dxe4 Qf6 25. hxg6 hxg6 26. e5 Qg7 27. Ne3 Rf8 28. Ng4 Rfd8 29. O-O-O Kf8 30. Rh3 Rbc8 31. Rdh1 Kg8 32. Qh2 Nf8 33. Nh6+ 1-0

[Event "ROU-ch Men 2018"]
[Site "Olanesti"]
[Date "2018.05.19"]
[Round "6"]
[White "Albu, George"]
[Black "Ciobanu, Viorel-Adrian"]
[Result "0-1"]
[ECO "E71"]
[WhiteElo "2038"]
[BlackElo "2196"]
[Annotator "NA"]
[PlyCount "82"]
[EventDate "2018.??.??"]
[EventType "swiss"]
[EventCountry "ROU"]
[SourceTitle "playchess.com"]
[Source "ChessBase"]
[SourceQuality "1"]
[TimeControl "40/5400+30:1800+30"]

1. d4 Nf6 2. c4 g6 3. Nc3 Bg7 4. e4 d6 5. h3 $14 {[%emt 0:00:00] LiveBook: 3139 Games} O-O 6. Bg5 Nbd7 7. Bd3 c5 8. d5 e6 9. Nf3 exd5 10. exd5 Re8+ 11. Be3 Nh5 12. O-O Ne5 13. Nxe5 Bxe5 14. Re1 Bd7 15. Qd2 f5 16. f4 Bg7 17. Bf2 Qa5 18. g3 a6 19. a4 Qb4 20. Qc2 Kf8 21. Rxe8+ Rxe8 22. a5 Bd4 23. Kg2 Nf6 24. Ra3 b6 25. axb6 Bxf2 26. Kxf2 Qxb6 27. Rb3 Qd8 28. Rb7 Bc8 29. Rb3 Nh5 30. Qd2 Qa5 31. Nb1 Qd8 32. Nc3 Nf6 33. Na4 h5 34. Nb6 h4 35. g4 fxg4 36. f5 Bxf5 37. Qh6+ Kf7 38. Bxf5 gxf5 39. Kf1 Qe7 40. Qxh4 Qe2+ 41. Kg1 Qd1+ 0-1

[Event "ROU-ch Men 2018"]
[Site "Olanesti"]
[Date "2018.05.19"]
[Round "6"]
[White "Farcadi, Hunor"]
[Black "Paraschiv, Paul-Alexandru"]
[Result "1/2-1/2"]
[ECO "B01"]
[WhiteElo "1959"]
[BlackElo "2131"]
[Annotator "NA"]
[PlyCount "103"]
[EventDate "2018.??.??"]
[EventType "swiss"]
[EventCountry "ROU"]
[SourceTitle "playchess.com"]
[Source "ChessBase"]
[SourceQuality "1"]
[TimeControl "40/5400+30:1800+30"]

1. e4 d5 2. exd5 Qxd5 3. Nc3 Qa5 4. d4 Nf6 5. Nf3 Bg4 6. Bc4 e6 7. Bd2 c6 8. h3 Bh5 9. g4 Bg6 10. Ne5 Nbd7 11. Qe2 Nxe5 12. dxe5 Nd7 13. f4 Bxc2 14. Nb5 Qd8 15. Nd4 Bg6 16. f5 exf5 17. e6 Qh4+ 18. Kf1 O-O-O 19. Nxc6 fxe6 20. Nxd8 Kxd8 21. Bxe6 fxg4 22. Bxd7 Qf6+ 23. Kg2 Kxd7 24. Qxg4+ Bf5 25. Qa4+ Kd8 26. Rad1 Bd6 27. Bf4 Bd7 28. Rxd6 Qxd6 29. Qa5+ Qb6 30. Bg5+ Kc8 31. Qxb6 axb6 32. Rc1+ Bc6+ 33. Kg3 Re8 34. Bd2 Re2 35. Bc3 b5 36. a3 g5 37. Kg4 Rg2+ 38. Kh5 Rg3 39. Rf1 Rxh3+ 40. Kxg5 h6+ 41. Kg4 Bd7+ 42. Kf4 h5 43. Rf2 Rh1 44. Be5 h4 45. Ke3 Be6 46. Rh2 Re1+ 47. Re2 Rf1 48. Rf2 Re1+ 49. Re2 Rg1 50. Rc2+ Kd8 51. Bf6+ Kd7 52. Ke4 1/2-1/2

[Event "ROU-ch Men 2018"]
[Site "Olanesti"]
[Date "2018.05.19"]
[Round "6"]
[White "Pislariu, Stefanel-Vasilica"]
[Black "Morariu, Daniel"]
[Result "0-1"]
[ECO "A88"]
[WhiteElo "1863"]
[BlackElo "1656"]
[Annotator "NA"]
[PlyCount "80"]
[EventDate "2018.??.??"]
[EventType "swiss"]
[EventCountry "ROU"]
[SourceTitle "playchess.com"]
[Source "ChessBase"]
[SourceQuality "1"]
[TimeControl "40/5400+30:1800+30"]

1. c4 f5 2. Nf3 Nf6 3. g3 d6 4. d4 g6 5. Bg2 Bg7 6. Nc3 c6 7. O-O O-O 8. Bg5 Be6 9. Qb3 b5 10. d5 Bf7 11. cxb5 Nxd5 12. Qc2 Qc7 13. Rfd1 Nxc3 14. bxc3 a6 15. Nd4 Bxd4 16. cxd4 axb5 17. d5 Be8 18. dxc6 e6 19. Qb3 d5 20. Qxb5 Qxc6 21. Qb2 Nd7 22. Rdc1 Qd6 23. Bh6 Rf7 24. a4 Nf6 25. a5 e5 26. Be3 Ne4 27. Bxe4 fxe4 28. Qb6 Qxb6 29. Bxb6 Bb5 30. Rc5 Bc4 31. Rxc4 dxc4 32. a6 Rf6 33. Bc7 Rfxa6 34. Rxa6 Rxa6 35. Bxe5 Kf7 36. Kf1 Ke6 37. Bd4 Kd5 38. e3 Ra3 39. Ke1 Rd3 40. Bb2 c3 0-1

[Event "ROU-ch Men 2018"]
[Site "Olanesti"]
[Date "2018.05.19"]
[Round "6"]
[White "Stan, Andrei-Mihaita"]
[Black "Neagu, Liviu"]
[Result "1-0"]
[ECO "E85"]
[WhiteElo "1860"]
[BlackElo "2025"]
[Annotator "NA"]
[PlyCount "115"]
[EventDate "2018.??.??"]
[EventType "swiss"]
[EventCountry "ROU"]
[SourceTitle "playchess.com"]
[Source "ChessBase"]
[SourceQuality "1"]
[TimeControl "40/5400+30:1800+30"]

1. d4 Nf6 2. c4 g6 3. Nc3 Bg7 4. e4 d6 5. f3 O-O 6. Be3 e5 7. Nge2 Nc6 8. d5 Ne7 9. Qd2 Nd7 10. g4 a6 11. h4 f5 12. gxf5 gxf5 13. h5 Rf7 14. h6 Bf6 15. Bh3 Bh4+ 16. Bf2 Bxf2+ 17. Kxf2 Nf8 18. Qg5+ Nfg6 19. Ke1 Bd7 20. Qe3 Qf8 21. Kd2 b5 22. cxb5 axb5 23. b4 Nc8 24. Kc2 Nb6 25. Qg5 Rc8 26. Ng3 fxe4 27. Bxd7 Nxd7 28. Ngxe4 c6 29. Qd2 c5 30. Nxb5 cxb4+ 31. Kb2 Rxf3 32. Rag1 Nc5 33. Nbxd6 Nxe4 34. Nxe4 Rc4 35. d6 Rd4 36. Qc2 Rf4 37. Re1 Qa8 38. Ng5 Rxd6 39. Rd1 Rdf6 40. Qb3+ Kh8 41. Ka1 Qg8 42. Qxg8+ Kxg8 43. Rd7 Nf8 44. Rg7+ Kh8 45. Rg1 Rg6 46. Kb2 Rxg7 47. hxg7+ Kxg7 48. Ne6+ Kf7 49. Nxf4 exf4 50. Kb3 Kf6 51. Kxb4 h5 52. a4 Kf5 53. a5 Ne6 54. Rc1 f3 55. a6 f2 56. a7 Nf4 57. Ka5 Nd3 58. Rf1 1-0

[Event "ROU-ch Men 2018"]
[Site "Olanesti"]
[Date "2018.05.19"]
[Round "6"]
[White "Cotruta, Alexandru-Mihai"]
[Black "Sava, Bogdan"]
[Result "1/2-1/2"]
[ECO "D97"]
[WhiteElo "1776"]
[BlackElo "2099"]
[Annotator "NA"]
[PlyCount "56"]
[EventDate "2018.??.??"]
[EventType "swiss"]
[EventCountry "ROU"]
[SourceTitle "playchess.com"]
[Source "ChessBase"]
[SourceQuality "1"]
[TimeControl "40/5400+30:1800+30"]

1. d4 Nf6 2. c4 g6 3. Nc3 d5 4. Nf3 Bg7 5. Qb3 dxc4 6. Qxc4 O-O 7. e4 Na6 8. e5 Nd7 9. e6 fxe6 10. Qxe6+ Kh8 11. Ng5 Ne5 12. Qb3 Qxd4 13. Be3 Qb4 14. Bxa6 Qxb3 15. axb3 bxa6 16. O-O Nd3 17. Nd5 Rb8 18. Nxc7 Bxb2 19. Ra2 Be5 20. Nxa6 Rxb3 21. Bxa7 Bb7 22. Nc5 Nxc5 23. Bxc5 Bf6 24. Ne6 Rc8 25. Ra7 Kg8 26. Be3 Bd5 27. Nf4 Be4 28. h3 Ra8 1/2-1/2

[Event "ROU-ch Men 2018"]
[Site "Olanesti"]
[Date "2018.05.20"]
[Round "7"]
[White "Manea, Alexandru"]
[Black "Raducanu, Andrei-Augustin"]
[Result "1-0"]
[ECO "A80"]
[WhiteElo "2402"]
[BlackElo "2063"]
[Annotator "ChessBase"]
[PlyCount "65"]
[EventDate "2018.??.??"]
[EventType "swiss"]
[EventCountry "ROU"]
[SourceTitle "playchess.com"]
[Source "ChessBase"]
[SourceQuality "1"]
[TimeControl "40/5400+30:1800+30"]

1. d4 f5 2. Nc3 Nf6 3. h4 e6 4. h5 b6 5. a3 Bb7 6. Nf3 d6 7. Bf4 Qd7 8. e3 Nc6 9. Bc4 Ne7 10. Bg5 Nfd5 11. Ne2 Ng8 12. Ba2 Be7 13. c4 Ndf6 14. Nf4 Ne4 15. Bxe7 Nxe7 16. d5 e5 17. Ne6 Ng8 18. Bb3 Qe7 19. Ba4+ Kf7 20. Bc2 Ngf6 21. Nfg5+ Kg8 22. Nxe4 Nxe4 23. Bxe4 fxe4 24. h6 g6 25. Qg4 c6 26. Rd1 Rc8 27. O-O Ba6 28. Ng5 cxd5 29. cxd5 Rc2 30. Rc1 Rc5 31. b4 Rc4 32. Rxc4 Bxc4 33. Qc8+ 1-0

[Event "ROU-ch Men 2018"]
[Site "Olanesti"]
[Date "2018.05.20"]
[Round "7"]
[White "Posedaru, Bogdan"]
[Black "Secheres, Adrian-Simion"]
[Result "0-1"]
[ECO "E81"]
[WhiteElo "2307"]
[BlackElo "2404"]
[Annotator "ChessBase"]
[PlyCount "60"]
[EventDate "2018.??.??"]
[EventType "swiss"]
[EventCountry "ROU"]
[SourceTitle "playchess.com"]
[Source "ChessBase"]
[SourceQuality "1"]
[TimeControl "40/5400+30:1800+30"]

1. d4 Nf6 2. c4 g6 3. Nc3 Bg7 4. e4 d6 5. f3 O-O 6. Nge2 c5 7. d5 a6 8. a4 e6 9. Ng3 exd5 10. cxd5 h5 11. Bg5 Qb6 12. Qd2 Re8 13. Be2 Nh7 14. Be3 h4 15. Nf1 Nd7 16. Qc2 Qd8 17. Nd2 f5 18. O-O f4 19. Bf2 Ne5 20. Nc4 Nxc4 21. Bxc4 Be5 22. Rfd1 Qg5 23. Kf1 h3 24. gxh3 Qh5 25. h4 Qxf3 26. Ne2 Nf6 27. Ng1 Qh1 28. Ra3 Nxe4 29. Re1 Bf5 30. Bd3 Bg7 0-1

[Event "ROU-ch Men 2018"]
[Site "Olanesti"]
[Date "2018.05.20"]
[Round "7"]
[White "Pop, Alexandru"]
[Black "Ciorgovean, Iustin"]
[Result "1/2-1/2"]
[ECO "E91"]
[WhiteElo "2302"]
[BlackElo "2169"]
[Annotator "ChessBase"]
[PlyCount "96"]
[EventDate "2018.??.??"]
[EventType "swiss"]
[EventCountry "ROU"]
[SourceTitle "playchess.com"]
[Source "ChessBase"]
[SourceQuality "1"]
[TimeControl "40/5400+30:1800+30"]

1. d4 Nf6 2. c4 g6 3. Nc3 Bg7 4. e4 O-O 5. Nf3 d6 6. Be2 Na6 7. O-O e5 8. Be3 c6 9. d5 Ng4 10. Bg5 f6 11. Bh4 c5 12. Ne1 Nh6 13. f3 g5 14. Bf2 f5 15. Nd3 f4 16. Rb1 Nf7 17. b4 cxb4 18. Nb5 b6 19. Nxb4 Nc5 20. Nc6 Qd7 21. a4 h5 22. a5 Bf6 23. Ra1 Ba6 24. Qc2 g4 25. Rfb1 Ng5 26. Nbxa7 gxf3 27. Bxf3 Nxf3+ 28. gxf3 Kh7 29. Bxc5 Qh3 30. Ra3 Rg8+ 31. Kh1 bxc5 32. Nb5 Rg6 33. Qe2 Rag8 34. Ra2 Rg2 35. Qxg2 Rxg2 36. Rxg2 Qxf3 37. Nxd6 h4 38. Kg1 h3 39. Rf2 Qe3 40. Kf1 Bh4 41. Rfb2 Qd3+ 42. Kg1 f3 43. Rb7+ Bxb7 44. Rxb7+ Kh6 45. Nf5+ Kg5 46. Rg7+ Kh5 47. Rh7+ Kg5 48. Rg7+ Kh5 1/2-1/2

[Event "ROU-ch Men 2018"]
[Site "Olanesti"]
[Date "2018.05.20"]
[Round "7"]
[White "Pisu, Robert-Daniel"]
[Black "Stoleriu, George"]
[Result "0-1"]
[ECO "E11"]
[WhiteElo "2254"]
[BlackElo "2333"]
[Annotator "NA"]
[PlyCount "90"]
[EventDate "2018.??.??"]
[EventType "swiss"]
[EventCountry "ROU"]
[SourceTitle "playchess.com"]
[Source "ChessBase"]
[SourceQuality "1"]
[TimeControl "40/5400+30:1800+30"]

1. d4 e6 2. Nf3 Nf6 3. c4 Bb4+ 4. Nbd2 b6 5. e3 Bb7 6. Bd3 O-O 7. O-O {[%emt 0:00:12] LiveBook: 436 Games} Bxd2 8. Nxd2 c5 {[%emt 0:01:57] E14: Queen's Indian: Classical Variation (4 e3)} (8... d6 9. b3 e5 10. Bb2 Qe7 11. Qc2 c5 12. d5 Nbd7 13. Rae1 Rae8 14. e4 Nh5 15. g3 g6 16. Kh1 {1-0 (36) Kosic,D (2517)-Milanovic,S (2395) Niksic 2016}) 9. b3 cxd4 10. exd4 d5 11. Bb2 Nc6 12. Nf3 Rc8 13. Rc1 Re8 $146 ({Predecessor:} 13... Qe7 14. Qe2 Rfd8 15. Rfd1 h6 16. Ne5 Nxe5 17. dxe5 {0-1 (31) Elguezabal Selioutin,D (1844)-Angelina Vela,C (2098) Collado Villalba 2017}) 14. Re1 dxc4 15. bxc4 Qd6 16. Bb1 Red8 17. Qd3 Nb4 18. Qb3 Nc6 19. Qe3 Na5 20. Ne5 b5 21. c5 Qd5 22. Qh3 h6 23. Re3 (23. f4 $16) 23... Nc6 24. Nxc6 Bxc6 25. Re5 Qd7 26. Rce1 Qc7 27. Qh4 Rd5 28. Rxd5 Nxd5 29. Bc1 Qe7 30. Qe4 Nf6 31. Qh4 Rd8 32. h3 Kf8 33. Be3 Ng8 34. Qf4 Qb7 35. f3 Nf6 36. Qh4 Qe7 37. Bg5 $2 (37. Bf2 $11) 37... hxg5 38. Qh8+ Ng8 39. Bh7 Qf6 40. Bxg8 Qxd4+ 41. Kh1 Ke7 42. Qh7 Qf6 43. Kg1 Rd2 44. Qh5 g6 45. Qg4 $19 Qd4+ 0-1

[Event "ROU-ch Men 2018"]
[Site "Olanesti"]
[Date "2018.05.20"]
[Round "7"]
[White "Vasilescu, Lucian-Mihail"]
[Black "Farcadi, Hunor"]
[Result "1-0"]
[ECO "A15"]
[WhiteElo "2243"]
[BlackElo "1959"]
[Annotator "NA"]
[PlyCount "39"]
[EventDate "2018.??.??"]
[EventType "swiss"]
[EventCountry "ROU"]
[SourceTitle "playchess.com"]
[Source "ChessBase"]
[SourceQuality "1"]
[TimeControl "40/5400+30:1800+30"]

1. c4 Nf6 2. Nf3 g6 3. Nc3 Bg7 4. e4 d6 5. d4 O-O 6. h3 e5 7. dxe5 dxe5 8. Qxd8 $11 {[%emt 0:00:04] LiveBook: 271 Games} ({Of course not} 8. Nxe5 Qxd1+ 9. Nxd1 Re8 $17) 8... Rxd8 9. Bg5 Na6 10. Nd5 Rd6 11. Bxf6 Bxf6 12. O-O-O Bg7 13. b4 Bh6+ 14. Kb2 b6 15. c5 bxc5 16. Ne7+ Kf8 17. Rxd6 Kxe7 18. Rxa6 Bxa6 19. Bxa6 cxb4 20. Rd1 1-0

[Event "ROU-ch Men 2018"]
[Site "Olanesti"]
[Date "2018.05.20"]
[Round "7"]
[White "Ciobanu, Viorel-Adrian"]
[Black "Dobre, Claudiu-Cristian"]
[Result "0-1"]
[ECO "B00"]
[WhiteElo "2196"]
[BlackElo "2393"]
[Annotator "NA"]
[PlyCount "72"]
[EventDate "2018.??.??"]
[EventType "swiss"]
[EventCountry "ROU"]
[SourceTitle "playchess.com"]
[Source "ChessBase"]
[SourceQuality "1"]
[TimeControl "40/5400+30:1800+30"]

1. e4 Nc6 2. Nf3 d6 3. d4 Nf6 4. Nc3 Bg4 5. Be3 e6 6. Bd3 {[%emt 0:02:01] B00: Queen's Fianchetto Defence, Nimzowitsch Defence} (6. Bb5 d5 7. exd5 exd5 8. h3 Bd7 9. Ne5 Be7 10. Qf3 O-O 11. O-O-O a6 12. Bd3 Be6 13. g4 Nb4 {0-1 (33) Rublevsky,S (2683)-Usmanov,V (2455) St Petersburg 2017}) 6... d5 7. e5 Nd7 8. a3 $146 ({Predecessor:} 8. h3 Bh5 9. Nb1 Nb4 10. Be2 Bg6 11. Na3 c5 12. c3 Nc6 13. Qa4 a6 14. dxc5 Bxc5 {0-1 (49) Besner,B (2188)-Wockenfuss,K (2317) Passau 1999}) 8... Be7 9. h3 Bh5 10. g4 Bg6 11. Bxg6 hxg6 12. Qd3 Nb6 13. Nd2 Qd7 14. f4 O-O-O 15. Ne2 a6 16. O-O-O Na5 17. Kb1 Nac4 18. Nxc4 dxc4 19. Qe4 Na4 20. Ka2 Qb5 21. Bc1 Kb8 22. h4 Rd5 23. Rh3 Rhd8 24. h5 gxh5 25. gxh5 Qd7 26. Rf3 f5 27. Qe3 c5 28. c3 cxd4 29. cxd4 (29. Nxd4 $11 {keeps the balance.} Bc5 30. Rg3) 29... Rb5 30. Nc3 Nxc3+ 31. bxc3 Rb3 32. Bb2 Bxa3 33. Bxa3 Rxa3+ 34. Kxa3 Qb5 35. Ka2 Qb3+ 36. Ka1 Rd5 0-1